 Dungeon Crawl Stone Soup version 0.29-a0-1047-g7c58e119a4 (webtiles) character file.

Game seed: 6762002279272872562

12778 ytrimaz the Martial Artist (level 11, -15/97 HPs)
             Began as a Demonspawn Transmuter on Aug 17, 2022.
             Demolished by a swamp worm (17 damage)
             ... on level 2 of the Lair of Beasts.
             The game lasted 00:24:35 (15725 turns).

ytrimaz the Martial Artist (Demonspawn Transmuter) Turns: 15725, Time: 00:24:35

Health: -15/97     AC:  8    Str: 12    XL:     11   Next: 66%
Magic:  22/23      EV: 13    Int: 18    God:
Gold:   1098       SH:  0    Dex: 13    Spells: 8/26 levels left

rFire   x . .      SeeInvis .     - Unarmed
rCold   + + +      Faith    .   (shield currently unavailable)
rNeg    . . .      Spirit   .   (body armour currently unavailable)
rPois   +          Reflect  .   (helmet currently unavailable)
rElec   .          Harm     .   (cloak currently unavailable)
rCorr   .          Rampage  .   (gloves currently unavailable)
Will    .....                   (boots currently unavailable)
Stlth   +.........              G - amulet of regeneration
HPRegen 1.06/turn               j - ring of protection from cold
MPRegen 0.18/turn               (no ring)

@: mighty, ice-form, wereblooded, invisible
A: freezing attack, amphibious, boosted hp, large, (claws 1), (yellow scales 1),
foul stench 2
a: End Transformation


You were on level 2 of the Lair of Beasts.
You were a creature of crystalline ice.
You visited 3 branches of the dungeon, and saw 13 of its levels.
You also visited: Sewer.

You collected 1243 gold pieces.
You spent 145 gold pieces at shops.

Inventory:

Armour
 t - +0 steam dragon scales (melded)
 y - the +5 cloak of Music (melded) {Will+ Str+2 Int+2}
   (You acquired it on level 9 of the Dungeon)

   Str:       It affects your strength (+2).
   Int:       It affects your intelligence (+2).
   Will:      It increases your willpower.
 F - a +0 troll leather armour
Jewellery
 g - a ring of flight
 j - a ring of protection from cold (left front paw)
 x - an amulet of faith
 G - an amulet of regeneration (around neck)
Wands
 a - a wand of iceblast (7)
 c - a wand of paralysis (18)
 q - a wand of mindburst (3)
 u - a wand of flame (27)
 v - a wand of polymorph (6)
Scrolls
 d - a scroll of silence
 e - 3 scrolls of enchant weapon
 k - a scroll of enchant armour
 l - 2 scrolls of noise
 m - a scroll of immolation
 r - a scroll of acquirement
 w - 4 scrolls of amnesia
 B - a scroll of brand weapon
 D - 2 scrolls of butterflies
Potions
 b - 2 potions of magic
 f - 3 potions of haste
 h - a potion of ambrosia
 n - a potion of cancellation
 o - a potion of mutation
 p - a potion of curing
 z - a potion of brilliance
 A - 2 potions of lignification
 E - 2 potions of attraction


   Skills:
 + Level 5.7 Fighting
 - Level 1.5 Maces & Flails
 - Level 8.0 Dodging
 - Level 8.0 Unarmed Combat
 - Level 8.0 Spellcasting
 - Level 1.7 Conjurations
 - Level 0.2 Summonings
 - Level 8.0 Transmutations
 - Level 4.0 Ice Magic
 - Level 4.0 Poison Magic


You had 8 spell levels left.
You knew the following spells:

 Your Spells              Type           Power      Damage    Failure   Level
a - Ice Form              Ice/Tmut       28%        N/A       9%          4
b - Wereblood             Tmut           36%        N/A       1%          2
c - Ozocubu's Armour      Ice            21%        N/A       5%          3
d - Spider Form           Tmut/Pois      28%        N/A       2%          3
e - Blade Hands           Tmut           18%        N/A       10%         5
f - Beastly Appendage     Tmut           72%        N/A       1%          1

Your spell library contained the following spells:

 Spells                   Type           Power      Damage    Failure   Level
 Magic Dart               Conj           52%        1d5       4%          1
 Searing Ray              Conj           26%        2d5       8%          2
 Summon Small Mammal      Summ           32%        N/A       9%          1
 Static Discharge         Conj/Air       10%        3-5/arc   11%         2
 Stone Arrow              Conj/Erth      20%        3d8       21%         3
 Call Canine Familiar     Summ           8%         N/A       26%         3
 Confusing Touch          Hex            7%         N/A       28%         3
 Portal Projectile        Hex/Tloc       14%        N/A       28%         3
 Summon Guardian Golem    Hex/Summ       7%         N/A       28%         3
 Tukima's Dance           Hex            7%         N/A       28%         3
 Yara's Violent Unravell  Hex/Tmut       10%        3d6       45%         5
 Fulminant Prism          Conj/Hex       5%         3d7       56%         4
 Sticky Flame             Conj/Fire      10%        2d3       56%         4
 Animate Armour           Summ/Erth      14%        N/A       67%         4
 Cause Fear               Hex            3%         N/A       67%         4
 Dispel Undead            Necr           7%         3d8       67%         4
 Dragon Form              Tmut           18%        N/A       97%         7
 Enfeeble                 Hex            3%         N/A       100%        7
 Orb of Destruction       Conj           6%         9d6       100%        7
 Ozocubu's Refrigeration  Ice            10%        4d9       100%        7
 Spellforged Servitor     Conj/Summ      5%         N/A       100%        7
 Lehudib's Crystal Spear  Conj/Erth      5%         10d3      100%        8
 Dragon's Call            Summ           4%         N/A       100%        9


Dungeon Overview and Level Annotations

Branches:
Dungeon (10/15)            Temple (1/1) D:6            Lair (2/5) D:10
  Swamp (0/4) Lair:2        Sewer (visited)
  Snake: Lair:2-3    Spider: Lair:2-3       Orc: D:9-12

Altars:
Ashenzari
Cheibriados
Dithmenos
Fedhas
Gozag
Hepliaklqana
Kikubaaqudgha
Makhleb
Nemelex Xobeh
Okawaru
Qazlal
Ru
Sif Muna
Trog
Uskayaw
Vehumet
Wu Jian
Xom
Yredelemnul

Shops:
D:6 *   D:8 (

Annotations:
D:4 exclusion: ice beast
D:5 exclusion: statue
D:9 exclusion: shadow
Lair:1 exclusion: 2 oklob plants


Innate Abilities, Weirdness & Mutations

You are a creature of crystalline ice.
You have a powerful freezing melee attack.
You are amphibious.
Your maximum health is increased.
Your armour is entirely melded.
You are incapable of wielding weapons or throwing items.
((You have sharp fingernails.))
((You are partially covered in yellow scales. (AC +2)))
You sometimes emit foul miasma when damaged in melee.


Message History

You hit the bog body. You freeze the bog body.
You feel a bit better.
You destroy the bog body!
Your Fighting skill increases to level 5!
Unknown command.
You punch the bog body!
The bog body is moderately damaged.
The bog body touches you! The bog body freezes you. You resist.
* * * LOW HITPOINT WARNING * * *
You pummel the bog body!! You freeze the bog body.
The bog body is almost destroyed.
The bog body touches you.
* * * LOW HITPOINT WARNING * * *
The bog body freezes you. You resist.
* * * LOW HITPOINT WARNING * * *
You emit a cloud of foul miasma!
You pummel the bog body!!
You feel a bit better.
You destroy the bog body!
Unknown command.
A swamp worm comes into view.
An electric eel comes into view.
The electric eel shoots out a bolt of lightning at you!
The bolt of electricity misses you.
A bog body comes into view.
The swamp worm fires a harpoon shot at you.
The harpoon shot hits you!
* * * LOW HITPOINT WARNING * * *
You are yanked forward by the harpoon shot.
Found a staircase to the Swamp.
The swamp worm attacks as you move away!
The swamp worm bites you.
* * * LOW HITPOINT WARNING * * *
You howl as the wereblood boils in your veins!
The electric eel shoots out a bolt of lightning at you!
The bolt of electricity hits you!
* * * LOW HITPOINT WARNING * * *
Unknown command.
Okay, then.
You fade into invisibility!
The swamp worm bites you!
You die...

##..### #....## ##. ####P.!..#
♣♣♣♣♣♣ #.....####.
...##..#######♣♣§§~~♣##...#.P#P#.
..###..## #P...♣§§§≈♣...(........
.####...####...♣§§§S♣♣.......####
..##...###...#♣♣§§§ ♣##.##### #
..###...##..(.♣♣♣n♣♣♣ #.########
.## #.P.##....♣♣w.§~♣ #♣..##.##.#
.# #.........♣♣Y.♣≈♣ ♣..........
.# ##....#....♣♣~..~♣ #..#.#.....
.# #...###....♣♣~..~♣ #...###....
.###..#.##....♣♣~..~♣♣♣..## #....
.P#...#....#.#♣♣~♣.~♣♣...P###..#.
.P#...#........♣≈.†♣♣.P..##...##.
...^...........♣~.♣≈♣.........#.<
#####..........♣~..≈♣........#.#.
##..........♣≈♣.~♣.#..........


You could see a bog body, a swamp worm and an electric eel.

Vanquished Creatures
  A hydra (Lair:1)
  A two-headed ogre (D:10)
  3 bog bodies (Lair:2)
  A manticore (D:10)
  A black mamba (Lair:1)
  A gargoyle (D:10)
  3 cane toads (Lair:2)
  A komodo dragon (Lair:2)
  A rime drake (Lair:2)
  A troll (D:10)
  3 blink frogs (Lair:2)
  A hornet (D:9)
  2 shadows (D:10)
  3 wyverns
  7 yaks
  3 steam dragons (D:8)
  Edmund (D:4)
  2 acid dragons
  6 water moccasins
  An ice beast (D:8)
  An orc warrior (D:9)
  A sky beast (D:7)
  A black bear (D:8)
  An ogre (D:6)
  4 centaurs
  2 phantoms
  4 kobold brigands
  3 bullfrogs
  4 scorpions
  5 wights (D:8)
  21 killer bees
  3 howler monkeys
  2 hounds
  2 jellies
  2 orc priests
  An iguana (D:6)
  3 orc wizards
  4 adders
  2 shadow imps
  A dart slug (D:3)
  2 worms
  16 orcs
  12 endoplasms
  6 giant cockroaches
  8 goblins
  8 hobgoblins
  12 jackals
  22 kobolds
  5 quokkas
  7 ball pythons
  13 bats
  3 frilled lizards
  4 rats
228 creatures vanquished.

Vanquished Creatures (others)
  Maurice (D:8)
  A killer bee (D:8)
  4 fungi
  4 plants (Lair:2)
10 creatures vanquished.

Grand Total: 238 creatures vanquished

Notes
Turn   | Place    | Note
-------+----------+-------------------------------------------
     0 | D:1      | ytrimaz the Demonspawn Transmuter began the quest for the
                  | Orb.
     0 | D:1      | Reached XP level 1. HP: 15/15 MP: 3/3
   228 | D:1      | Gained mutation: You have sharp fingernails. [demonic
                  | ancestry]
   228 | D:1      | Reached XP level 2. HP: 21/21 MP: 1/5
   838 | D:1      | Learned a level 2 spell: Wereblood
   935 | D:2      | Gained mutation: You may rarely emit foul miasma when
                  | damaged in melee. [demonic ancestry]
   935 | D:2      | Reached XP level 3. HP: 11/26 MP: 4/6
  1335 | D:2      | Found a faded altar of an unknown god.
  1839 | D:2      | Learned a level 3 spell: Ozocubu's Armour
  1918 | D:3      | Gained mutation: You are partially covered in yellow
                  | scales. (AC +2) [demonic ancestry]
  1918 | D:3      | Reached XP level 4. HP: 22/32 MP: 7/7
  2690 | D:4      | Found a glowing drain.
  2724 | Sewer    | Entered a sewer
  2811 | Sewer    | Noticed a water moccasin
  2830 | Sewer    | Killed a water moccasin
  2831 | Sewer    | Reached skill level 1 in Ice Magic
  2831 | Sewer    | Reached XP level 5. HP: 30/37 MP: 6/8
  3022 | D:4      | Noticed Edmund
  3090 | D:5      | Entered Level 5 of the Dungeon
  3459 | D:4      | Reached XP level 6. HP: 22/43 MP: 7/9
  3612 | D:4      | Noticed an ice beast
  3650 | D:4      | Reached skill level 5 in Unarmed Combat
  4205 | D:4      | Killed Edmund
  4493 | D:4      | Learned a level 3 spell: Spider Form
  4623 | D:5      | Reached XP level 7. HP: 39/48 MP: 8/10
  5606 | D:5      | Found a radiant altar of Vehumet.
  6762 | D:6      | Gained mutation: You sometimes emit foul miasma when
                  | damaged in melee. [demonic ancestry]
  6762 | D:6      | Reached XP level 8. HP: 46/54 MP: 1/11
  6854 | D:6      | Found Hiujor's General Store.
  6863 | D:6      | Bought a scroll of identify for 26 gold pieces
  6863 | D:6      | Bought a potion of heal wounds for 65 gold pieces
  6863 | D:6      | Bought a wand of mindburst (3) for 54 gold pieces
  7012 | D:6      | Found a staircase to the Ecumenical Temple.
  7079 | Temple   | Entered the Ecumenical Temple
  7497 | D:7      | Found a blossoming altar of Fedhas.
  7801 | D:7      | Found a hide-covered altar of Uskayaw.
  8049 | D:8      | Reached skill level 1 in Poison Magic
  8108 | D:8      | Found a basalt altar of Yredelemnul.
  8267 | D:8      | Reached XP level 9. HP: 49/59 MP: 2/12
  8318 | D:8      | Reached skill level 5 in Dodging
  8730 | D:8      | Noticed Maurice
  9607 | D:8      | Found Qeocet's Weapon Boutique.
  9693 | D:8      | Killed Maurice
  9960 | D:8      | Found a hazy altar of Hepliaklqana.
 10760 | D:9      | Reached XP level 10. HP: 62/65 MP: 9/16
 10920 | D:9      | Identified a scroll of acquirement
 10922 | D:9      | Acquired the +5 cloak of Music {Will+ Str+2 Int+2}
 10948 | D:9      | Found a burning altar of Makhleb.
 11130 | D:9      | Reached skill level 5 in Spellcasting
 11603 | D:10     | Entered Level 10 of the Dungeon
 11603 | D:10     | Noticed a manticore
 11619 | D:10     | Killed a manticore
 11845 | D:10     | Noticed a gargoyle
 11864 | D:10     | Killed a gargoyle
 12156 | D:10     | Found a staircase to the Lair.
 12192 | D:10     | Learned a level 4 spell: Ice Form
 12472 | D:10     | HP: 2/78 [something/puff of flame (16)]
 12861 | D:10     | Noticed a two-headed ogre
 12889 | D:10     | Killed a two-headed ogre
 12890 | D:10     | Reached skill level 1 in Maces & Flails
 12890 | D:10     | Reached skill level 1 in Conjurations
 13469 | D:10     | Reached skill level 5 in Transmutations
 13650 | D:10     | Noticed a boulder beetle
 13656 | D:10     | Noticed a two-headed ogre
 13880 | D:9      | Learned a level 5 spell: Blade Hands
 13880 | D:9      | Acquired 567 gold pieces
 13933 | Lair:1   | Entered Level 1 of the Lair of Beasts
 14148 | Lair:1   | Noticed a black mamba
 14156 | Lair:1   | Killed a black mamba
 14157 | Lair:1   | Reached XP level 11. HP: 52/72 MP: 19/23
 14243 | Lair:1   | Noticed a seven-headed hydra
 14258 | Lair:1   | Killed a ten-headed hydra
 14379 | Lair:1   | Noticed an oklob plant
 14623 | Lair:1   | Noticed an oklob plant
 14904 | Lair:2   | Found a dark tunnel.
 15002 | Lair:2   | Noticed a bog body
 15006 | Lair:2   | Noticed a bog body
 15011 | Lair:2   | Killed a bog body
 15011 | Lair:2   | Noticed a bog body
 15017 | Lair:2   | HP: 2/74 [cane toad (17)]
 15023 | Lair:2   | HP: 4/88 [bog body/bolt of cold (4)]
 15707 | Lair:2   | Killed a bog body
 15708 | Lair:2   | Reached skill level 5 in Fighting
 15715 | Lair:2   | Killed a bog body
 15722 | Lair:2   | Noticed a bog body
 15723 | Lair:2   | Found a staircase to the Swamp.
 15724 | Lair:2   | HP: 1/97 [electric eel/bolt of electricity (9)]
 15725 | Lair:2   | Demolished by a swamp worm

Illustrated notes

Levels and vault maps discovered:
D:1:      beargit_arrival_greenhouse, layout_loops_ring, serial_glass,
          glass_columns_a, glass_columns_b, minmay_misc_feat_columns
D:2:      layout_rooms, ebering_ecumenical_altar_rust
D:3:      layout_basic
D:4:      layout_loops_corners, gup_sewer_entry_glass,
          amcnicky_mini_corridor_feature, uniq_edmund
D:5:      layout_gridville, vehumet_statue, kennysheep_generic_room_13
D:6:      layout_rooms, temple_statues, serial_shops, shop
D:7:      layout_basic, mainiacjoe_overflow_cross_hatched,
          mainiacjoe_overflow_alcove_4, nicolae_uskayaw_suspiria
D:8:      layout_loops_corners, lemuel_tele_altar, zin_scriptorium,
          kennysheep_mini_moat, serial_shops, nicolae_shop_statue_plus,
          grunt_ministairs_7, uniq_maurice
D:9:      layout_roguey, lemuel_doored_altar
D:10:     minmay_quarter_circles, layout_loops_ring
Temple:   eino_temple_lava
Lair:1:   layout_hall_layers, minmay_lair_oklob_items
Lair:2:   layout_loops_ring, nicolae_swamp_entry_splash_gauntlet,
          nicolae_volcano_entry_two_sided, beast_lair_carwin_6

Skill      XL: |  1  2  3  4  5  6  7  8  9 10 11 |
---------------+----------------------------------+-----
Unarmed Combat | 3 4 5 7 8 |  8.0
Transmutations | 2 3 4 5 8 |  8.0
Ice Magic      | 1 2 3 4 |  4.0
Dodging        | 4 8 |  8.0
Poison Magic   | 3 4 |  4.0
Spellcasting   | 4 8 |  8.0
Maces & Flails | 1 |  1.5
Conjurations   | 1 |  1.7
Fighting       | 5 |  5.7
Summonings     | |  0.2

Action                   |  1- 3 |  4- 6 |  7- 9 | 10-12 || total
-------------------------+-------+-------+-------+-------++-------
Melee: Unarmed           |   107 |   127 |   306 |   240 ||   780
       Kick              |    18 |    17 |    39 |    14 ||    88
       Headbutt          |     9 |    15 |    21 |     6 ||    51
       Punch             |     3 |     2 |    10 |     6 ||    21
 Cast: Beastly Appendage |    29 |    25 |    22 |     5 ||    81
       Wereblood         |     1 |     1 |     9 |     7 ||    18
       Ozocubu's Armour  |       |     4 |    23 |    11 ||    38
       Spider Form       |       |       |     8 |     4 ||    12
       Ice Form          |       |       |       |    18 ||    18
       Blade Hands       |       |       |       |     3 ||     3
 Abil: End Transformatio |       |       |       |     1 ||     1
Evoke: Wand              |       |     2 |     5 |     6 ||    13
  Use: Scroll            |     7 |     6 |     9 |    11 ||    33
       Potion            |     1 |     3 |     8 |    10 ||    22
 Stab: Sleeping          |     1 |     1 |     2 |       ||     4
       Paralysed         |       |    14 |       |       ||    14
       Invisible         |       |       |     1 |     1 ||     2
Armor: Robe              |    32 |    44 |    36 |       ||   112
       Skin              |     6 |       |    18 |    39 ||    63
       Steam dragon scal |       |       |    34 |    52 ||    86
Dodge: Dodged            |    81 |   106 |   185 |   221 ||   593

Table legend: (Time is in decaauts)
 A = Elapsed time spent in this place.
 B = Non-inter-level travel time spent in this place.
 C = Inter-level travel time spent in this place.
 D = Time resting spent in this place.
 E = Time spent auto-exploring this place.
 F = Levels seen in this place.
 G = Mean time per level.
                   A        B        C        D        E       F      G
               +--------+--------+--------+--------+--------+-----+--------+
         Total |  15606 |  15222 |    384 |   2873 |   9854 |  14 | 1114.7 |
       Dungeon |  13497 |  13158 |    339 |   2652 |   8390 |  10 | 1349.7 |
        Temple |     64 |     55 |      9 |      0 |     47 |   1 |   64.0 |
          Lair |   1777 |   1741 |     36 |    158 |   1304 |   2 |  888.5 |
         Sewer |    266 |    266 |      0 |     62 |    113 |   1 |  266.0 |
               +--------+--------+--------+--------+--------+-----+--------+

Top non-repeatable levels by time:
     D:9: 2055 daAuts
     D:8: 2046 daAuts
     D:5: 2035 daAuts
    D:10: 1776 daAuts
     D:4: 1415 daAuts
  Lair:1: 1006 daAuts
     D:2: 976 daAuts
     D:1: 858 daAuts
     D:7: 826 daAuts
     D:3: 785 daAuts
  Lair:2: 770 daAuts
     D:6: 722 daAuts
   Sewer: 266 daAuts
  Temple: 64 daAuts
